 Dungeon Sprint DCSS version 0.27-a0-1147-gb3d8e82157 (webtiles) character file.

Game seed: 10121987575072497626

4365 Zeld the Zephyrmancer (level 10, -9/73 HPs)
             Began as an Octopode Air Elementalist on May 11, 2021.
             Was a High Priest of Sif Muna.
             Succumbed to a guardian serpent's bolt of poison
             ... in the Dungeon (Sprint V: "Ziggurat Sprint").
             The game lasted 00:05:51 (1468 turns).

Zeld the Zephyrmancer (Octopode Air Elementalist)   Turns: 1468, Time: 00:05:52

Health: -9/73      AC:  1    Str:  7    XL:     10   Next: 34%
Magic:  4/23       EV: 17    Int: 32    God:    Sif Muna [*****.]
Gold:   0          SH:  0    Dex: 14    Spells: 15/27 levels left

rFire    . . .     SeeInvis +   (no weapon)
rCold    . . .     Faith    .   (no shield)
rNeg     + + .     Spirit   .   (helmet restricted)
rPois    .         Reflect  .   (no amulet)
rElec    .         Harm     .   s - +6 ring of intelligence
rCorr    .         Rampage  .   r - +6 ring of intelligence
Will     .....     NoTele   +   g - ring of the Tarantula {Wiz rN++ SInv}
Stlth    +++.......             (no ring)
HPRegen  0.22/turn              (no ring)
MPRegen  0.18/turn              (no ring)
                                (no ring)
                                (no ring)

@: lethally poisoned (-9 -> -42), slowed, very slow
A: almost no armour, amphibious, 8 rings, camouflage 1, gelatinous body 1,
(nimble swimmer 1), tentacles
a: Renounce Religion, Channel Magic, Forget Spell, Divine Exegesis


You were in the Dungeon.
You worshipped Sif Muna.
Sif Muna was extremely pleased with you.
You visited 1 branch

Inventory:

Armour
 a - a +3 tower shield
Jewellery
 g - the ring of the Tarantula (on tentacle) {Wiz rN++ SInv}
   (You found it in the Dungeon)

   [ring of wizardry]

   It improves your spell success rate.
   It greatly protects you from negative energy.
   It lets you see invisible.
 r - a +6 ring of intelligence (right tentacle)
 s - a +6 ring of intelligence (left tentacle)
Wands
 t - a wand of mindburst (7)
 v - a wand of acid (6)
Scrolls
 h - 4 scrolls of amnesia
 i - 7 scrolls of fog
 j - a scroll of holy word
 k - 5 scrolls of identify
Potions
 b - 10 potions of curing
 d - 10 potions of haste
 e - 5 potions of magic
 f - 3 potions of berserk rage
 m - 2 potions of brilliance
 n - 2 potions of invisibility
 o - 4 potions of resistance
 q - 5 potions of might
Miscellaneous
 p - a lightning rod (3/4)
 u - a box of beasts (inert)
 w - a lightning rod (3/4)
 x - a box of beasts (inert)
 y - a box of beasts (inert)
 z - a phantom mirror (inert)


   Skills:
 + Level 8.8 Fighting
 + Level 9.1 Dodging
 - Level 2.6 Stealth
 + Level 9.2 Spellcasting
 - Level 1.0 Conjurations
 * Level 13.6 Air Magic
 * Level 13.0 Invocations


You had 15 spell levels left.
You knew the following spells:

 Your Spells              Type           Power      Damage    Failure   Level
a - Shock                 Conj/Air       100%       1d9       1%          1
b - Static Discharge      Conj/Air       57%        N/A       1%          2
c - Airstrike             Air            40%        N/A       1%          4
d - Lightning Bolt        Conj/Air       28%        1d45      1%          5

Your spell library contained the following spells:

 Spells                   Type           Power      Damage    Failure   Level
 Corona                   Hex            15%        N/A       1%          1
 Slow                     Hex            14%        N/A       1%          2
 Swiftness                Air            80%        N/A       1%          3
 Stone Arrow              Conj/Erth      34%        3d9       3%          3
 Call Canine Familiar     Summ           14%        N/A       4%          3
 Confusing Touch          Hex            14%        N/A       4%          3
 Summon Guardian Golem    Hex/Summ       14%        N/A       4%          3
 Vampiric Draining        Necr           7%         2d7       4%          3
 Summon Mana Viper        Hex/Summ       14%        N/A       34%         5
 Eringya's Noxious Bog    Tmut/Pois      7%         N/A       87%         6
 Haunt                    Necr/Summ      7%         N/A       100%        7
 Malign Gateway           Summ/Tloc      7%         N/A       100%        7
 Monstrous Menagerie      Summ           7%         N/A       100%        7
 Summon Horrible Things   Summ           7%         N/A       100%        8


Dungeon Overview and Level Annotations

Branches:
Dungeon (1/1)

Altars:
Ashenzari
Cheibriados
Dithmenos
Elyvilon
Fedhas
Gozag
Hepliaklqana
Kikubaaqudgha
Makhleb
Nemelex Xobeh
Okawaru
Qazlal
Ru
Sif Muna
Trog
Uskayaw
Vehumet
Wu Jian
Xom
Yredelemnul
Zin
The Shining One
Beogh
Jiyva
Lugonu


Innate Abilities, Weirdness & Mutations

You cannot wear most types of armour.
You are amphibious.
You can wear up to eight rings at the same time.
Your skin changes colour to match your surroundings (Stealth+).
Your rubbery body absorbs attacks. (AC +1, EV +1)
((You are camouflaged near water. (Stealth+)))
You have tentacles for arms and can constrict up to eight enemies at once.


Message History

The iron imp hits you with a staff of cold!
The guardian serpent casts a spell at you.
The bolt of poison hits you!
You are lethally poisoned!
* * * LOW HITPOINT WARNING * * *
Unknown command.
You feel much better.
* * * LOW HITPOINT WARNING * * *
You feel extremely sick.
The guardian serpent closely misses you.
The iron imp misses you.
The iron imp hits you with a +2 mace of protection!
* * * LOW HITPOINT WARNING * * *
Your larval firebat beast barely misses the iron imp.
The iron imp misses you.
You feel much better.
You feel very sick.
The guardian serpent coils itself and waves its upper body at you.
The bolt of poison hits you!!
You are lethally poisoned!
* * * LOW HITPOINT WARNING * * *
Your larval firebat beast hits the iron imp!
The iron imp dies!
Sif Muna accepts your kill.
The guardian serpent casts a spell at you.
You feel yourself slow down.
The iron imp hits you with a +2 mace of protection.
* * * LOW HITPOINT WARNING * * *
The iron imp completely misses you. What are your orders? t - Shout!
Orders for allies: a - Attack new target. p - Attack previous target. r - Retreat! s - Stop attacking. g - Guard the area. f - Follow me.
Anything else - Cancel.
Gang up on whom?
Press: ? - help, Dir - move target, f/p - guardian serpent
Aim: a guardian serpent (moderately wounded) Attack!
You die...

▓..8©8..▓
▓..::|....▓.......▓
▓.....)...▓...)"..▓
▓.........▓.......▓
▓.........▓.......▓
▓....H....▓..))...▓
▓.........▓...)...▓
▓.▓.S.|.▓.▓.......▓
▓...5@5...▓...©...▓
▓▓▓▓▓▓▓▓▓▓▓▓▓▓▓▓▓▓▓
▓..8©8..▓ ▓...)...▓
▓..))|..▓ ▓.......▓
▓....†..▓ ▓.......▓
▓.......▓


You could see a guardian serpent (ally target), 2 iron imps and a friendly
larval firebat beast (summoned).

Vanquished Creatures
  A death scarab (D)
  A large abomination (D)
  A rime drake (D)
  An ice devil (D)
  A jumping spider (D)
  4 merfolk (D)
  4 polar bears (D)
  A wind drake (D)
  A small abomination (D)
  A wolf (D)
  A centaur (D)
  A bullfrog (D)
  3 scorpions (D)
  A crimson imp (D)
  A quasit (D)
  An iron imp (D)
  2 mummies (D)
  2 river rats (D)
  3 shadow imps (D)
  An adder zombie (D)
  A ball python zombie (D)
33 creatures vanquished.

Vanquished Creatures (collateral kills)
  An iron imp (D)
1 creature vanquished.

Grand Total: 34 creatures vanquished

Notes
Turn   | Place    | Note
-------+----------+-------------------------------------------
     0 | D        | Zeld the Octopode Air Elementalist began the quest for the
                  | Orb.
     0 | D        | Reached XP level 1. HP: 11/11 MP: 3/3
     2 | D        | Found a blossoming altar of Fedhas.
     3 | D        | Found the +6 Majin-Bo {vamp, MP+6 Int+6}
     3 | D        | Found the +9 heavy crossbow "Sniper" {vorpal, Acc+∞ SInv}
     3 | D        | Found the +10 dark maul {vorpal}
     3 | D        | Found the +15 Maxwell's patent armour {-Cast -Tele rElec
                  | Will+ rCorr}
     3 | D        | Found the +18 shield of the Gong {rElec rN+ Will+ EV-5}
     3 | D        | Found the +14 obsidian axe {vorpal, Drain Fly SInv}
     3 | D        | Found the +7 great mace "Firestarter" {inner flame, rF++}
     3 | D        | Found the +6 shillelagh "Devastator" {shatter}
     3 | D        | Found the +11 plutonium sword {Contam Stlth-}
     3 | D        | Found the +8 lance "Wyrmbane" {slay drac, rPois rF+ rC+
                  | AC+3}
     3 | D        | Found the +9 sword of Zonguldrok {reap}
     3 | D        | Found the +13 scythe of Curses {drain, Drain}
     3 | D        | Found the +5 sword of Power {vorpal}
     3 | D        | Found the +7 mace of Variability {chain chaos}
     3 | D        | Found the +7 Singing Sword {vorpal, sonic wave}
     3 | D        | Found the +8 storm bow {elec, penet}
     4 | D        | Found a viscous altar of Jiyva.
     4 | D        | Found a hazy altar of Hepliaklqana.
     4 | D        | Found a transporter.
     4 | D        | Found an opulent altar of Gozag.
     4 | D        | Found an ancient bone altar of Kikubaaqudgha.
     4 | D        | Found a corrupted altar of Lugonu.
     7 | D        | Found a burning altar of Makhleb.
     8 | D        | Found a sacrificial altar of Ru.
     8 | D        | Found a stormy altar of Qazlal.
     8 | D        | Found a shimmering blue altar of Sif Muna.
     8 | D        | Found an iron altar of Okawaru.
     8 | D        | Found a bloodstained altar of Trog.
     8 | D        | Found a sparkling altar of Nemelex Xobeh.
    13 | D        | Reached XP level 2. HP: 17/17 MP: 4/7
    31 | D        | Became a worshipper of Sif Muna the Loreminder
    37 | D        | Learned a level 2 spell: Static Discharge
   166 | D        | Entered arena 2.
   166 | D        | Noticed a crimson imp
   166 | D        | Found a transporter.
   167 | D        | Killed a crimson imp
   168 | D        | Reached skill level 1 in Fighting
   168 | D        | Reached XP level 3. HP: 23/23 MP: 9/9
   170 | D        | Reached XP level 4. HP: 29/29 MP: 10/10
   180 | D        | Learned a level 4 spell: Airstrike
   349 | D        | Entered arena 3.
   349 | D        | Noticed a large abomination
   349 | D        | Found a transporter.
   350 | D        | Reached * piety under Sif Muna
   356 | D        | Killed a large abomination
   356 | D        | Reached ** piety under Sif Muna
   357 | D        | Reached skill level 5 in Dodging
   357 | D        | Reached skill level 10 in Air Magic
   357 | D        | Reached XP level 5. HP: 38/38 MP: 10/13
   357 | D        | Reached XP level 6. HP: 45/45 MP: 11/15
   357 | D        | Reached XP level 7. HP: 49/49 MP: 11/16
   363 | D        | Learned a level 5 spell: Lightning Bolt
   565 | D        | Entered arena 4.
   565 | D        | Found a transporter.
   568 | D        | Reached skill level 5 in Fighting
   678 | D        | Entered arena 5.
   678 | D        | Noticed a jumping spider
   678 | D        | Found a transporter.
   681 | D        | Reached *** piety under Sif Muna
   687 | D        | Reached XP level 8. HP: 55/57 MP: 18/18
   688 | D        | Killed a jumping spider
   904 | D        | Entered arena 6.
   904 | D        | Noticed a death scarab
   904 | D        | Found a transporter.
   905 | D        | Reached **** piety under Sif Muna
   915 | D        | Killed a death scarab
   916 | D        | Reached skill level 10 in Invocations
   916 | D        | Reached XP level 9. HP: 59/63 MP: 8/20
  1144 | D        | Entered arena 7.
  1144 | D        | Noticed a merfolk
  1144 | D        | Noticed a merfolk
  1144 | D        | Noticed a wind drake
  1144 | D        | Noticed a merfolk
  1144 | D        | Noticed a merfolk
  1148 | D        | Killed a merfolk
  1148 | D        | Killed a merfolk
  1148 | D        | Reached ***** piety under Sif Muna
  1150 | D        | Killed a wind drake
  1150 | D        | Killed a merfolk
  1150 | D        | Identified Sif Muna's Witchery, and How To Use It (Sif Muna
                  | gifted it to you in the Dungeon)
  1150 | D        | Received a gift from Sif Muna
  1150 | D        | Killed a merfolk
  1249 | D        | Found a transporter.
  1266 | D        | Entered arena 8.
  1266 | D        | Noticed a polar bear
  1266 | D        | Noticed a rime drake
  1266 | D        | Noticed a polar bear
  1266 | D        | Noticed a polar bear
  1266 | D        | Noticed an ice devil
  1266 | D        | Noticed a polar bear
  1271 | D        | Killed a rime drake
  1273 | D        | Found a transporter.
  1277 | D        | Killed an ice devil
  1278 | D        | Reached XP level 10. HP: 28/72 MP: 11/22
  1333 | D        | Got the ring of the Tarantula {Wiz rN++ SInv}
  1336 | D        | Got the Compendium of Enchanting Intoxication
  1443 | D        | Entered arena 9.
  1443 | D        | Noticed a guardian serpent
  1446 | D        | Identified Jargheta's Papyrus of the Gliding Glacier (Sif
                  | Muna gifted it to you in the Dungeon)
  1446 | D        | Received a gift from Sif Muna
  1467 | D        | HP: 2/73 [iron imp/+2 mace of protection (6)]
  1468 | D        | Succumbed to a guardian serpent's bolt of poison

Illustrated notes

Levels and vault maps discovered:
D:        sprint_v [room_start, room_1, room_2, room_3, room_4, room_5, room_6,
          room_7, room_8, room_9, room_10, room_11, room_12, room_13, room_14,
          room_15, room_16, room_17, room_18, room_19, room_20, room_21,
          room_22, room_23, room_24, room_25, room_26, room_27]

Skill      XL: |  1  2  3  4  5  6  7  8  9 10 |
---------------+-------------------------------+-----
Spellcasting   | 4 6 7 8 9 |  9.2
Air Magic      | 6 7 10 11 13 | 13.6
Fighting       | 1 4 5 6 8 |  8.8
Invocations    | 2 3 8 9 10 12 13 | 13.0
Dodging        | 5 6 7 8 9 |  9.1
Stealth        | |  2.6
Conjurations   | |  1.0

Action                   |  1- 3 |  4- 6 |  7- 9 | 10-12 || total
-------------------------+-------+-------+-------+-------++-------
Melee: Unarmed           |       |       |     1 |       ||     1
 Cast: Lightning Bolt    |       |       |     8 |    10 ||    18
       Static Discharge  |       |       |       |     7 ||     7
Invok: Channel Magic     |       |       |       |     1 ||     1
Evoke: Wand              |     3 |     4 |       |     1 ||     8
       Lightning rod     |       |     2 |    22 |     1 ||    25
       Box of beasts     |       |       |     1 |     1 ||     2
       Phantom mirror    |       |       |     1 |     1 ||     2
  Use: Potion            |     1 |       |     3 |    13 ||    17
       Scroll            |       |     1 |     3 |     2 ||     6
Armor: Skin              |       |       |     1 |     1 ||     2
Dodge: Dodged            |       |       |    21 |    58 ||    79

Table legend: (Time is in decaauts)
 A = Elapsed time spent in this place.
 B = Non-inter-level travel time spent in this place.
 C = Inter-level travel time spent in this place.
 D = Time resting spent in this place.
 E = Time spent auto-exploring this place.
 F = Levels seen in this place.
 G = Mean time per level.
                   A        B        C        D        E       F      G
               +--------+--------+--------+--------+--------+-----+--------+
         Total |   1479 |   1479 |      0 |   1219 |      1 |   1 | 1479.0 |
       Dungeon |   1479 |   1479 |      0 |   1219 |      1 |   1 | 1479.0 |
               +--------+--------+--------+--------+--------+-----+--------+

Top non-repeatable levels by time:
       D: 1479 daAuts
